APL (24 & UNDER)
NASHUA REDLEGS @ DETROIT DIRTY SNOW
07/19/2027
 
TOP OF THE 1ST
Nashua Redlegs batting - Pitching for Detroit Dirty Snow : RHP John Kelly
Pitching: RHP John Kelly
Batting: LHB Bob Campbell 0-0: Foul Ball, location: 2F
0-1: Ball
1-1: Called Strike
1-2: Strikes out swinging
Batting: RHB Katsuhito Ohayashi 0-0: Called Strike
0-1: Ball
1-1: Swinging Strike
1-2: Ball
2-2: Foul Ball, location: 2F
2-2: Strikes out swinging
Batting: RHB Bob Fitzgerald 0-0: Called Strike
0-1: Foul Ball, location: 2F
0-2: Ball
1-2: Foul Ball, location: 2F
1-2: Strikes out looking
Top of the 1st over - 0 run(s), 0 hit(s), 0 error(s), 0 left on base; Nashua 0 - Detroit 0
BOTTOM OF THE 1ST
Detroit Dirty Snow batting - Pitching for Nashua Redlegs : RHP Miguel Rodríguez
Pitching: RHP Miguel Rodríguez
Batting: RHB Phil Wright 0-0: Called Strike
0-1: DOUBLE (Line Drive, 89D)
Batting: RHB Cristo Souza 0-0: Ball
1-0: Fly out, F8 (Flyball, 8LM)
Runner from 2nd tags up, SAFE at 3rd with throw
Batting: LHB Eric Powell 0-0: Ball
1-0: Foul Ball, location: 2F
1-1: Foul Ball, location: 2F
1-2: Ball
2-2: SINGLE (Groundball, 5D)
Phil Wright scores
Batting: RHB Carlos Rocha 0-0: Ball
1-0: Called Strike
1-1: Swinging Strike
1-2: Foul Ball, location: 2F
1-2: Foul Ball, location: 2F
1-2: Fly out, F2 (Popup, 3S)
Batting: RHB Arturo Jiménez 0-0: Called Strike
Eric Powell steals 2nd base
0-1: Ball
1-1: Reached on error, E8 (Flyball, 8RM)
Eric Powell scores
Batting: SHB Alan Garland 0-0: Ball
1-0: Swinging Strike
1-1: Called Strike
1-2: Ball
2-2: Foul Ball, location: 2F
2-2: Foul Ball, location: 2F
2-2: Ball
3-2: Base on Balls
Batting: RHB Carlos Salas 0-0: Ball
1-0: Swinging Strike
1-1: Ball
Wild Pitch!
Arturo Jiménez to third
Alan Garland to second
2-1: Swinging Strike
2-2: Strikes out looking
Bottom of the 1st over - 2 run(s), 2 hit(s), 1 error(s), 2 left on base; Nashua 0 - Detroit 2
TOP OF THE 2ND
Nashua Redlegs batting - Pitching for Detroit Dirty Snow : RHP John Kelly
Batting: SHB José Flores 0-0: Ball
1-0: Fly out, F6 (Line Drive, 6)
Batting: RHB Clancy Castro 0-0: Swinging Strike
0-1: Foul Ball, location: 2F
0-2: Ball
1-2: Foul Ball, location: 2F
1-2: Strikes out swinging
Batting: RHB Alan Evans 0-0: Ball
1-0: Ball
2-0: Foul Ball, location: 2F
2-1: Foul Ball, location: 2F
2-2: Ball
3-2: Ground out 1-3 (Groundball, 13)
Top of the 2nd over - 0 run(s), 0 hit(s), 0 error(s), 0 left on base; Nashua 0 - Detroit 2
BOTTOM OF THE 2ND
Detroit Dirty Snow batting - Pitching for Nashua Redlegs : RHP Miguel Rodríguez
Batting: SHB Cristián López 0-0: Called Strike
0-1: Foul Ball, location: 2F
0-2: Ball
1-2: Ball
2-2: Ball
3-2: Fly out, F7 (Flyball, 7S)
Batting: RHB Jorge López 0-0: Fly out, F9 (Flyball, 9LS)
Batting: RHB Phil Wright 0-0: Ball
1-0: Called Strike
1-1: Swinging Strike
1-2: Foul Ball, location: 2F
1-2: Foul Ball, location: 2F
1-2: Foul Ball, location: 2F
1-2: Ball
2-2: Ground out 5-3 (Groundball, 56S)
Bottom of the 2nd over - 0 run(s), 0 hit(s), 0 error(s), 0 left on base; Nashua 0 - Detroit 2
TOP OF THE 3RD
Nashua Redlegs batting - Pitching for Detroit Dirty Snow : RHP John Kelly
Batting: RHB José García 0-0: Swinging Strike
0-1: Swinging Strike
0-2: Ball
1-2: Ball
2-2: Ball
3-2: Base on Balls
Batting: RHB John Newman 0-0: Ball
1-0: Fly out, F5 (Flyball, 5DF)
Batting: RHB Ánibal Barrios 0-0: Ball
1-0: Ball
2-0: Called Strike
2-1: Foul Ball, location: 2F
2-2: Strikes out swinging
Batting: LHB Bob Campbell 0-0: Ground out 5-3 (Groundball, 25)
Top of the 3rd over - 0 run(s), 0 hit(s), 0 error(s), 1 left on base; Nashua 0 - Detroit 2
BOTTOM OF THE 3RD
Detroit Dirty Snow batting - Pitching for Nashua Redlegs : RHP Miguel Rodríguez
Batting: RHB Cristo Souza 0-0: Ball
1-0: Ball
2-0: Fly out, F8 (Flyball, 8RD)
Batting: LHB Eric Powell 0-0: Ground out 4-3 (Groundball, 4)
Batting: RHB Carlos Rocha 0-0: Foul Ball, location: 2F
0-1: Swinging Strike
0-2: Strikes out swinging
Bottom of the 3rd over - 0 run(s), 0 hit(s), 0 error(s), 0 left on base; Nashua 0 - Detroit 2
TOP OF THE 4TH
Nashua Redlegs batting - Pitching for Detroit Dirty Snow : RHP John Kelly
Batting: RHB Katsuhito Ohayashi 0-0: Foul Ball, location: 2F
0-1: Foul Ball, location: 2F
0-2: Ball
1-2: Foul Ball, location: 2F
1-2: Foul Ball, location: 2F
1-2: Ball
2-2: Foul Ball, location: 2F
2-2: Strikes out swinging
Batting: RHB Bob Fitzgerald 0-0: Ground out 6-3 (Groundball, 56)
Batting: SHB José Flores 0-0: Called Strike
0-1: Ball
1-1: Ground out 6-3 (Groundball, 6)
Top of the 4th over - 0 run(s), 0 hit(s), 0 error(s), 0 left on base; Nashua 0 - Detroit 2
BOTTOM OF THE 4TH
Detroit Dirty Snow batting - Pitching for Nashua Redlegs : RHP Miguel Rodríguez
Batting: RHB Arturo Jiménez 0-0: Ball
1-0: Ball
2-0: Foul Ball, location: 2F
2-1: Foul Ball, location: 2F
2-2: Strikes out swinging
Batting: SHB Alan Garland 0-0: Ball
1-0: Called Strike
1-1: Foul Ball, location: 2F
1-2: Ground out U3 (Groundball, 3)
Batting: RHB Carlos Salas 0-0: Ball
1-0: Ball
2-0: Ball
3-0: Base on Balls
Pitching: RHP Julião Edwards
Batting: SHB Cristián López 0-0: Ball
1-0: Called Strike
1-1: Ball
2-1: Swinging Strike
2-2: Foul Ball, location: 2F
2-2: Foul Ball, location: 2F
2-2: Ball
3-2: Foul Ball, location: 2F
3-2: Fly out, F8 (Line Drive, 8LD)
Bottom of the 4th over - 0 run(s), 0 hit(s), 0 error(s), 1 left on base; Nashua 0 - Detroit 2
TOP OF THE 5TH
Nashua Redlegs batting - Pitching for Detroit Dirty Snow : RHP John Kelly
Batting: RHB Clancy Castro 0-0: Called Strike
0-1: Foul Ball, location: 2F
0-2: Ball
1-2: SINGLE (Flyball, 7S)
Batting: RHB Alan Evans 0-0: Called Strike
0-1: Ball
1-1: Swinging Strike
1-2: Strikes out swinging
Batting: RHB José García 0-0: SINGLE (Line Drive, 8LS)
Clancy Castro to second
Batting: RHB John Newman 0-0: Called Strike
0-1: Ball
1-1: Foul Ball, location: 2F
1-2: Ball
2-2: Strikes out swinging
Batting: RHB Ánibal Barrios 0-0: Ball
1-0: Ball
2-0: Called Strike
2-1: Swinging Strike
2-2: Ball
3-2: Strikes out swinging
Top of the 5th over - 0 run(s), 2 hit(s), 0 error(s), 2 left on base; Nashua 0 - Detroit 2
BOTTOM OF THE 5TH
Detroit Dirty Snow batting - Pitching for Nashua Redlegs : RHP Julião Edwards
Batting: RHB Jorge López 0-0: Ball
1-0: Ball
2-0: Ball
3-0: Called Strike
3-1: Base on Balls
Batting: RHB Phil Wright 0-0: Ball
1-0: Foul Ball, location: 2F
1-1: Fly out, F5 (Popup, 5S)
Batting: RHB Cristo Souza 0-0: Called Strike
0-1: Foul Ball, location: 2F
0-2: Ball
1-2: SINGLE (Flyball, 7S)
Jorge López to second
Batting: LHB Eric Powell 0-0: Ball
1-0: Ball
2-0: Grounds into double play, 4-6-3 (Groundball, 4)
Bottom of the 5th over - 0 run(s), 1 hit(s), 0 error(s), 1 left on base; Nashua 0 - Detroit 2
TOP OF THE 6TH
Nashua Redlegs batting - Pitching for Detroit Dirty Snow : RHP John Kelly
Batting: LHB Bob Campbell 0-0: Ball
1-0: Called Strike
1-1: Ball
2-1: Ball
3-1: Foul Ball, location: 2F
3-2: SINGLE (Line Drive, 6D)
Batting: RHB Katsuhito Ohayashi 0-0: Ball
1-0: Ball
2-0: Fielders Choice at 2nd, 4-6 (Groundball, 4)
Batting: RHB Bob Fitzgerald 0-0: Called Strike
0-1: Ball
Katsuhito Ohayashi steals 2nd base
1-1: Ground out 6-3 (Groundball, 6D)
Pitching: RHP Vaughan Horne
Batting: SHB José Flores 0-0: Ball
1-0: Called Strike
1-1: SINGLE (Groundball, 56D)
Katsuhito Ohayashi to third
Runner from 3rd tries for Home, SAFE, no throw
Batting: RHB Clancy Castro 0-0: Ball
1-0: Swinging Strike
1-1: Ball
2-1: Foul Ball, location: 2F
2-2: Fielders Choice at 2nd, 5-4 (Groundball, 5)
Top of the 6th over - 1 run(s), 2 hit(s), 0 error(s), 0 left on base; Nashua 1 - Detroit 2
BOTTOM OF THE 6TH
Detroit Dirty Snow batting - Pitching for Nashua Redlegs : RHP Julião Edwards
Batting: RHB Carlos Rocha 0-0: Ball
1-0: Ball
2-0: DOUBLE (Line Drive, 9LS)
Batting: RHB Arturo Jiménez 0-0: Foul Ball, location: 2F
0-1: Ball
1-1: Ball
2-1: Swinging Strike
2-2: Strikes out swinging
Batting: SHB Alan Garland 0-0: Foul Ball, location: 2F
0-1: Swinging Strike
0-2: Strikes out swinging
Batting: RHB Carlos Salas 0-0: SINGLE (Line Drive, 56D)
Carlos Rocha to third
Runner from 3rd tries for Home, SAFE, no throw
Batting: SHB Cristián López 0-0: Ball
1-0: Foul Ball, location: 2F
1-1: Ball
2-1: Fly out, F5 (Popup, 5S)
Bottom of the 6th over - 1 run(s), 2 hit(s), 0 error(s), 1 left on base; Nashua 1 - Detroit 3
TOP OF THE 7TH
Nashua Redlegs batting - Pitching for Detroit Dirty Snow : RHP Vaughan Horne
Batting: RHB Alan Evans 0-0: Ball
1-0: Foul Ball, location: 2F
1-1: Foul Ball, location: 2F
1-2: Foul Ball, location: 2F
1-2: Foul Ball, location: 2F
1-2: Ball
2-2: Ball
3-2: Base on Balls
Batting: RHB José García 0-0: Called Strike
0-1: Ball
1-1: Ball
2-1: Ball
3-1: Called Strike
3-2: Foul Ball, location: 2F
3-2: Strikes out looking
Alan Evans steals 2nd base
Batter strikes out.
Batting: RHB John Newman 0-0: Fly out, F9 (Flyball, 89M)
Batting: RHB Ánibal Barrios 0-0: Ball
1-0: Ground out 6-3 (Groundball, 6M)
Top of the 7th over - 0 run(s), 0 hit(s), 0 error(s), 1 left on base; Nashua 1 - Detroit 3
BOTTOM OF THE 7TH
Detroit Dirty Snow batting - Pitching for Nashua Redlegs : RHP Julião Edwards
Batting: RHB Jorge López 0-0: Ball
1-0: Ball
2-0: Ground out 6-3 (Groundball, 6)
Batting: RHB Phil Wright 0-0: Called Strike
0-1: Ball
1-1: Swinging Strike
1-2: Strikes out swinging
Batting: RHB Cristo Souza 0-0: Ball
1-0: Called Strike
1-1: Swinging Strike
1-2: Strikes out swinging
Bottom of the 7th over - 0 run(s), 0 hit(s), 0 error(s), 0 left on base; Nashua 1 - Detroit 3
TOP OF THE 8TH
Nashua Redlegs batting - Pitching for Detroit Dirty Snow : RHP Vaughan Horne
Batting: LHB Bob Campbell 0-0: Ball
1-0: Ball
2-0: Called Strike
2-1: Ball
3-1: Called Strike
3-2: Base on Balls
Batting: RHB Katsuhito Ohayashi 0-0: Called Strike
0-1: Foul Ball, location: 2F
0-2: Ball
1-2: Fly out, F9 (Line Drive, 89M)
Batting: RHB Bob Fitzgerald 0-0: Ball
1-0: Fly out, F6 (Popup, 56D)
Batting: SHB José Flores 0-0: Swinging Strike
0-1: Ball
1-1: Fly out, F7 (Line Drive, 7)
Top of the 8th over - 0 run(s), 0 hit(s), 0 error(s), 1 left on base; Nashua 1 - Detroit 3
BOTTOM OF THE 8TH
Detroit Dirty Snow batting - Pitching for Nashua Redlegs : RHP Julião Edwards
Pitching: LHP William Romero
Batting: LHB Eric Powell 0-0: Ball
1-0: Ball
2-0: Called Strike
2-1: Called Strike
2-2: Foul Ball, location: 2F
2-2: Strikes out swinging
Pitching: LHP Keith Burns
Batting: RHB Carlos Rocha 0-0: Ball
1-0: Ball
2-0: Called Strike
2-1: SINGLE (Flyball, 4D)
Batting: RHB Arturo Jiménez 0-0: Ball
1-0: Called Strike
1-1: Ball
2-1: Foul Ball, location: 2F
2-2: Ball
3-2: Foul Ball, location: 2F
3-2: SINGLE (Groundball, 6) (infield hit)
Carlos Rocha to second
Batting: SHB Alan Garland 0-0: Ball
1-0: Called Strike
1-1: Called Strike
1-2: Ball
Wild Pitch!
Carlos Rocha to third
Arturo Jiménez to second
2-2: Foul Ball, location: 2F
2-2: SINGLE (Line Drive, 34D)
Carlos Rocha scores
Arturo Jiménez to third
Runner from 3rd tries for Home, SAFE, throw made home
Alan Garland to second
Batting: RHB Carlos Salas 0-0: Foul Ball, location: 2F
0-1: Foul Ball, location: 2F
0-2: Ground out 6-3 (Groundball, 6)
Alan Garland to third
Batting: SHB Cristián López 0-0: Called Strike
0-1: Ball
1-1: Ball
2-1: Ball
3-1: Base on Balls
Batting: RHB Jorge López 0-0: Swinging Strike
0-1: Fly out, F8 (Line Drive, 8RM)
Bottom of the 8th over - 2 run(s), 3 hit(s), 0 error(s), 2 left on base; Nashua 1 - Detroit 5
TOP OF THE 9TH
Nashua Redlegs batting - Pitching for Detroit Dirty Snow : RHP Vaughan Horne
Batting: RHB Clancy Castro 0-0: Foul Ball, location: 2F
0-1: Ball
1-1: Swinging Strike
1-2: Foul Ball, location: 2F
1-2: Strikes out swinging
Batting: RHB Alan Evans 0-0: Foul Ball, location: 2F
0-1: Ball
1-1: Called Strike
1-2: Foul Ball, location: 2F
1-2: Ball
2-2: Ball
3-2: Strikes out swinging
Batting: RHB José García 0-0: Foul Ball, location: 2F
0-1: Ball
1-1: Called Strike
1-2: Fly out, F8 (Flyball, 89M)
Top of the 9th over - 0 run(s), 0 hit(s), 0 error(s), 0 left on base; Nashua 1 - Detroit 5
Thursday, March 30th, 2017 - OOTP Baseball 17.12 Build 75